 Dungeon Crawl Stone Soup version 0.22-a0-603-gfc1114d (webtiles) character file.

64 sking99 the Ruffian (level 3, -4/30 HPs)
             Began as a Draconian Transmuter on July 7, 2018.
             Was an Initiate of Okawaru.
             Slain by a sky beast (5 damage)
             ... on level 3 of the Dungeon.
             The game lasted 00:03:17 (2105 turns).

sking99 the Ruffian (Draconian Transmuter)          Turns: 2105, Time: 00:03:18

Health: -4/30      AC:  6    Str: 12    XL:     3   Next: 91%
Magic:  6/6        EV: 12    Int: 14    God:    Okawaru [......]
Gold:   66         SH:  0    Dex: 11    Spells: 3/6 levels left

rFire    . . .     SeeInvis .     - Unarmed
rCold    . . .     Gourm    .   (no shield)
rNeg     . . .     Faith    .   (armour unavailable)
rPois    .         Spirit   .   (helmet restricted)
rElec    .         Reflect  .   (no cloak)
rCorr    .         Harm     .   (no gloves)
MR       .....                  i - +0 pair of boots
Stlth    +.........             (no amulet)
HPRegen  0.10/turn              (no ring)
MPRegen  0.10/turn              (no ring)

@: no status effects
A: unfitting armour, cold-blooded, AC +5
a: Renounce Religion


You were on level 3 of the Dungeon.
You worshipped Okawaru.
Okawaru was noncommittal.
You were not hungry.

You visited 1 branch of the dungeon, and saw 3 of its levels.

You collected 66 gold pieces.

Inventory:

Missiles
 a - 8 arrows
Armour
 i - a +0 pair of boots (worn)
Jewellery
 n - an uncursed amulet of regeneration {unknown}
Scrolls
 d - 2 scrolls of identify {unknown}
 e - a scroll of noise {unknown}
 g - 2 scrolls of immolation {unknown}
 j - 2 scrolls of teleportation {unknown}
 l - a scroll of amnesia {unknown}
 q - a scroll of remove curse {unknown}
Potions
 b - 3 potions of agility {unknown}
 f - a potion of magic {unknown}
 h - a potion of curing
 m - a potion of might {unknown}
 o - a potion of berserk rage {unknown}
 p - 2 potions of resistance {unknown}
Comestibles
 c - 2 rations


   Skills:
 + Level 2.3 Fighting
 - Level 1.7 Dodging
 * Level 4.2 Unarmed Combat
 - Level 2.0 Spellcasting
 + Level 2.3 Transmutations


You had 3 spell levels left.
You knew the following spells:

 Your Spells              Type           Power        Failure   Level  Hunger
a - Beastly Appendage     Tmut           #.....       9%          1    ##.....
b - Sticks to Snakes      Tmut           #.......     14%         2    ###....

Your spell library contained the following spells:

 Spells                   Type           Power        Failure   Level  Hunger
 Spider Form              Tmut/Pois      #.........   41%         3    ####...
 Blade Hands              Tmut           #.........   94%         5    ######.
 Ice Form                 Ice/Tmut       #.......     82%         4    #####..


Dungeon Overview and Level Annotations

Branches:
Dungeon (3/15)

Altars:
Makhleb
Okawaru
Uskayaw
Zin
The Shining One


Innate Abilities, Weirdness & Mutations

Your plain brown scales are hard. (AC +5)
You cannot fit into any form of body armour.
You are cold-blooded and may be slowed by cold attacks.


Message History

You barely miss the sky beast. You tail-slap the sky beast.
The sky beast is heavily wounded.
The sky beast flickers out of sight!
Deactivating autopickup; reactivate with Ctrl-A.
Something hits you. Something shocks you.
You miss something.
Your tail-slap misses something.
Something barely misses you.
You hit something but do no damage. Something hits you but does no damage.
You barely miss something. You hit something but do no damage.
Something barely misses you.
You miss something. You tail-slap something. Something hits you.
Something shocks you.
* * * LOW HITPOINT WARNING * * *
You hit something. Something hits you but does no damage.
You hit something but do no damage. Something hits you.
* * * LOW HITPOINT WARNING * * *
Something shocks you.
* * * LOW HITPOINT WARNING * * *
You closely miss something. Something hits you.
You die...

#......# .
#......# .#
#..<...##..#
#.........#
#.......####
#............
###..########
#######..##
.......@##
......{##
.......
.......
.......
.......
..[....
.......


There were no monsters in sight!

Vanquished Creatures
  2 adders (D:2)
  A worm (D:2)
  2 dart slugs
  A leopard gecko (D:2)
  2 orcs (D:2)
  4 bats
  2 giant cockroaches
  3 goblins
  6 hobgoblins
  A quokka (D:3)
  A ball python (D:2)
  2 frilled lizards (D:2)
  6 kobolds
  4 rats
37 creatures vanquished.

Notes
Turn   | Place    | Note
-------+----------+-------------------------------------------
     0 | D:1      | sking99 the Draconian Transmuter began the quest for the Orb.
     0 | D:1      | Reached XP level 1. HP: 16/16 MP: 3/3
   301 | D:1      | Found a glowing golden altar of the Shining One.
   437 | D:1      | Became a worshipper of the Shining One
   472 | D:1      | Reached XP level 2. HP: 23/23 MP: 5/5
   991 | D:2      | Found a hide-covered altar of Uskayaw.
   994 | D:2      | Noticed a dagger
   994 | D:2      | Noticed a hand axe
  1078 | D:2      | Learned a level 2 spell: Sticks to Snakes
  1331 | D:2      | Reached XP level 3. HP: 24/29 MP: 1/6
  1439 | D:2      | Reached skill level 4 in Unarmed Combat
  1445 | D:2      | Found an iron altar of Okawaru.
  1455 | D:2      | Fell from the grace of the Shining One
  1455 | D:2      | Became a worshipper of Warmaster Okawaru
  1729 | D:2      | Found a burning altar of Makhleb.
  1731 | D:2      | Found a glowing silver altar of Zin.
  1731 | D:2      | Noticed a green death
  1731 | D:2      | Noticed an angel
  1862 | D:3      | Noticed a centaur
  2078 | D:3      | Noticed a sky beast
  2104 | D:3      | HP: 1/30 [something (6)]
  2105 | D:3      | Slain by a sky beast

Vault maps used:
D:1:      minmay_arrival_loop, tso_metal_star
D:2:      grunt_temple_overflow_order_and_chaos_2,
          lemuel_coloured_pillars_altar, dancing_weapons_uskayaw,
          hangedman_decor_slide_cut
D:3:      cheibrodos_pilgrimage

Skill      XL: |  1  2  3 |
---------------+----------+-----
Fighting       | 2 |  2.3
Unarmed Combat | 4 |  4.2
Dodging        | |  1.7
Spellcasting   | |  2.0
Transmutations | |  2.3

Action                   || total
-------------------------++-------
Melee: Unarmed           ||   145
       Tailslap          ||    16
       Punch             ||     2
 Cast: Sticks to Snakes  ||     4
  Eat: Chunk             ||     4
Armor: Skin              ||    51
Dodge: Dodged            ||    91

Table legend:
 A = Spawn XP
 B = Non-spawn XP
 C = Spawn XP percentage of total XP
 D = Spawn monster count
 E = Non-spawn monster count
 F = Spawn count percentage of total count
 G = Total turns spent on level
                    A         B        C        D         E        F      G
               +---------+---------+-------+---------+---------+-------+---------
         Total |       0 |      92 |   0.0 |       0 |      37 |   0.0 |  2105
               +---------+---------+-------+---------+---------+-------+---------
           D:1 |       0 |      20 |   0.0 |       0 |      11 |   0.0 |   983
           D:2 |       0 |      68 |   0.0 |       0 |      24 |   0.0 |  1084
           D:3 |       0 |       4 |   0.0 |       0 |       2 |   0.0 |    38
               +---------+---------+-------+---------+---------+-------+---------
